cohdb
Replays
Latest Replays
All Replays
Popular Replays
Top Player Replays
Match Explorer
How It Works
Community
CoH3 Stats
Reddit
Sign in to upload your games and track your stats! →
Sign in with Steam
Match 44588296
Unlisted
Match 44588296
Overview
Messages
Build Orders
End
Construct Infanterie Kompanie
Selects Breakthrough Battlegroup
Pioneer Squad
MG 42 Machine Gun Team
Grenadier Squad
Selects Assault Grenadiers
Grenadier Squad
Infanterie Officer Quarters
Construct Luftwaffe Kompanie
Selects 2.5-tonne Cargo Truck
2.5-tonne Cargo Truck
Jäger Squad
Support Elements
Wirbelwind Flakpanzer
Selects Blitzkrieg
Forward Retreat Point
Medical Bunker
Jäger Squad
Wirbelwind Flakpanzer
Pioneer Squad
Luftwaffe Officer Quarters
Marder III M Tank Destroyer
Kettenkrad Recon Vehicle
Marder III M Tank Destroyer
Selects Tiger Heavy Tank
Tiger Heavy Tank
Selects Breakthrough
Breakthrough
Construct Panzer Kompanie
Panzer IV Medium Tank
Selects Incendiary Bombing Run
Incendiary Bombing Run
woof_raff
Mediocre Max
Friendly Mouse(Poxie)
咳嗽到死
Lucky Cody
有色弱势装甲战斗群
Brojared
coy
0
0
Comments
sign in to comment!
No comments posted yet!